 Dungeon Crawl Stone Soup version 0.27-a0-661-gca034ae587 (webtiles) character file.

Game seed: 3324899374559961940

58140 Johnny the Thaumaturge (level 14, 0/94 HPs)
             Began as a Deep Elf Earth Elementalist on Mar 17, 2021.
             Was the Champion of Okawaru.
             Slain by an ogre
             ... wielding a +0 giant club
              (18 damage)
             ... on level 2 of the Orcish Mines.
             The game lasted 00:31:14 (28671 turns).

Johnny the Thaumaturge (DEEE)                      Turns: 28671, Time: 00:31:15

Health: 0/94       AC: 14    Str:  3    XL:     14   Next: 48%
Magic:  10/34      EV: 10    Int: 34    God:    Okawaru [******]
Gold:   1826       SH:  6    Dex: 15    Spells: 24/42 levels left

rFire    + . .     SeeInvis .   J - +8 whip "Snakebite" {curare, rPois}
rCold    + + +     Faith    +   p - +1 buckler {reflect}
rNeg     + . .     Spirit   .   w - +0 ring mail "Yteot" {rPois Int+6}
rPois    +         Reflect  +   C - +0 helmet of the Pink Corner {Harm Rampage rC++ Str-2}
rElec    .         Harm     +   j - scarf {rC+ rF+}
rCorr    .         Rampage  +   B - +0 pair of gloves
Will     +....                  T - +2 pair of boots "Ciosuel" {rC+ Int+2}
Stlth    +.........             D - amulet of faith
HPRegen  0.25/turn              E - +4 ring of protection
MPRegen  0.24/turn              I - ring of positive energy

@: no status effects
A: no striking features
a: Renounce Religion, Heroism, Finesse


You were on level 2 of the Orcish Mines.
You worshipped Okawaru.
Okawaru was exalted by your worship.
You visited 4 branches of the dungeon, and saw 20 of its levels.
You also visited: Sewer and Volcano.

You collected 2155 gold pieces.
You spent 329 gold pieces at shops.

Inventory:

Hand Weapons
 a - the +8 dagger of Xireme {drain, *Noise +Inv rPois}
   (You found it on level 4 of the Dungeon)

   A truly terrible weapon, it drains the life of those it strikes.
   It protects you from poison.
   It lets you turn invisible.
   It may make noises in combat.
 J - the +8 whip "Snakebite" (weapon) {curare, rPois}
   (You found it on level 2 of the Lair of Beasts)

   It poisons the flesh of those it strikes.
   It protects you from poison.
Missiles
 b - 80 stones
Armour
 j - a scarf of resistance (worn)
 p - a +1 buckler of reflection (worn)
 r - a +0 helmet
 w - the +0 ring mail "Yteot" (worn) {rPois Int+6}
   (You found it on level 7 of the Dungeon)

   It affects your intelligence (+6).
   It protects you from poison.
 B - a +0 pair of gloves (worn)
 C - the +0 helmet of the Pink Corner (worn) {Harm Rampage rC++ Str-2}
   (Okawaru gifted it to you on level 2 of the Lair of Beasts)

   It affects your strength (-2).
   It greatly protects you from cold.
   It increases damage dealt and taken.
   It bestows one free step when moving towards enemies.
 R - a +1 troll leather armour {Snorg}
 T - the +2 pair of boots "Ciosuel" (worn) {rC+ Int+2}
   (Okawaru gifted it to you on level 6 of the Lair of Beasts)

   It affects your intelligence (+2).
   It protects you from cold.
Jewellery
 D - an amulet of faith (around neck)
 E - a +4 ring of protection (right hand)
 I - a ring of positive energy (left hand)
 K - an amulet of guardian spirit
 M - an amulet of reflection
 N - a +6 ring of strength
Wands
 e - a wand of mindburst (4)
 q - a wand of iceblast (6)
 L - a wand of digging (5)
 O - a wand of paralysis (9)
 Q - a wand of random effects (13)
Scrolls
 d - 3 scrolls of amnesia
 g - 3 scrolls of enchant armour
 i - 2 scrolls of enchant weapon
 n - 2 scrolls of magic mapping
 o - 3 scrolls of teleportation
 t - 3 scrolls of noise
 u - 2 scrolls of immolation
 P - 2 scrolls of identify
 S - a scroll of vulnerability
Potions
 c - 2 potions of ambrosia
 h - 3 potions of haste
 k - 6 potions of degeneration
 l - 3 potions of flight
 s - 3 potions of magic
 v - 3 potions of cancellation
 x - a potion of brilliance
 z - a potion of might
 A - a potion of lignification
 F - a potion of berserk rage


   Skills:
 * Level 13.5 Fighting
 + Level 11.8 Dodging
 - Level 2.4 Stealth
 - Level 4.7 Shields
 + Level 14.8 Spellcasting
 - Level 1.1 Transmutations
 + Level 12.9 Earth Magic


You had 24 spell levels left.
You knew the following spells:

 Your Spells              Type           Power      Damage    Failure   Level
a - Sandblast             Erth           100%       2d20      1%          1
b - Stone Arrow           Conj/Erth      100%       3d13      2%          3
c - Lee's Rapid Deconstr  Erth           42%        3d22*     1%          5
d - Petrify               Tmut/Erth      65%        N/A       7%          4
e - Borgnjor's Vile Clut  Necr/Erth      31%        N/A       26%         5

Your spell library contained the following spells:

 Spells                   Type           Power      Damage    Failure   Level
 Passwall                 Tmut/Erth      54%        N/A       1%          2
 Animate Armour           Summ/Erth      100%       N/A       9%          4
 Animate Skeleton         Necr           50%        N/A       13%         1
 Apportation              Tloc           50%        N/A       13%         1
 Corona                   Hex            27%        N/A       13%         1
 Summon Small Mammal      Summ           100%       N/A       13%         1
 Call Imp                 Summ           25%        N/A       21%         2
 Ensorcelled Hibernation  Hex/Ice        50%        N/A       21%         2
 Call Canine Familiar     Summ           25%        N/A       36%         3
 Confusing Touch          Hex            25%        N/A       36%         3
 Gell's Gravitas          Tloc           12%        N/A       36%         3
 Static Discharge         Conj/Air       25%        N/A       36%         3
 Summon Guardian Golem    Hex/Summ       25%        N/A       36%         3
 Summon Ice Beast         Ice/Summ       25%        N/A       78%         4
 Summon Lightning Spire   Summ/Air       25%        N/A       78%         4
 Yara's Violent Unravell  Hex/Tmut       14%        3d7       96%         5
 Lightning Bolt           Conj/Air       12%        1d26      98%         5
 Metabolic Englaciation   Hex/Ice        12%        N/A       98%         5
 Silence                  Hex/Air        12%        N/A       98%         5
 Shadow Creatures         Summ           N/A        N/A       100%        6
 Ignition                 Fire           12%        3d6       100%        8
 Shatter                  Erth           42%        3d33*     100%        9
 Tornado                  Air            12%        N/A       100%        9


Dungeon Overview and Level Annotations

Branches:
Dungeon (11/15)            Temple (1/1) D:5            Lair (6/6) D:9
  Swamp (0/4) Lair:2       Spider (0/4) Lair:2        Slime (0/5) Lair:5
    Orc (2/2) D:11          Sewer (visited)         Volcano (visited)
    Elf: Orc:2

Altars:
Ashenzari
Cheibriados
Dithmenos
Elyvilon
Fedhas
Gozag
Hepliaklqana
Kikubaaqudgha
Makhleb
Nemelex Xobeh
Okawaru
Qazlal
Ru
Sif Muna
Trog
Uskayaw
Vehumet
Wu Jian
Xom
Yredelemnul
Zin
The Shining One
Beogh

Shops:
D:8 [   D:11 !   Orc:2 (**((*?

Portals:
Hell: Lair:6

Annotations:
Lair:3 Rupert


Message History

Aiming: Sandblast (safe; 1% risk of failure)
Press: ? - help, Shift-Dir - straight line, f - orc priest
Aim: an orc priest, wielding a +0 club and wearing a +0 ring mail (14% to evade)
The blast of sand hits the orc priest!
You kill the orc priest!
Okawaru accepts your kill.
Casting: Sandblast (safe; 1% risk of failure)
Confirm with . or Enter, or press ? or * to list all spells.
You can't see any susceptible monsters within range! (Use Z to cast anyway.)
Casting: Sandblast (safe; 1% risk of failure)
Confirm with . or Enter, or press ? or * to list all spells.
You can't see any susceptible monsters within range! (Use Z to cast anyway.)
You start resting.
An orc wizard is nearby!
The ogre shouts!
You hear a shout!
Items here: $ ))) [[ ††.
Things that are here:
a +0 leather armour; 23 gold pieces; an orc corpse An ogre is nearby!
Casting: Sandblast (safe; 1% risk of failure)
Confirm with . or Enter, or press ? or * to list all spells.
Aiming: Sandblast (safe; 1% risk of failure)
Press: ? - help, Shift-Dir - straight line, f - ogre
Aim: an ogre, wielding a +0 giant club (8% to evade)
The blast of sand hits the ogre!
The ogre is moderately wounded.
Casting: Sandblast (safe; 1% risk of failure)
Confirm with . or Enter, or press ? or * to list all spells.
Aiming: Sandblast (safe; 1% risk of failure)
Press: ? - help, Shift-Dir - straight line, f/p - ogre
Aim: an ogre, wielding a +0 giant club (moderately wounded, 8% to evade)
The blast of sand hits the ogre!
The ogre is almost dead.
Casting: Sandblast (safe; 1% risk of failure)
Confirm with . or Enter, or press ? or * to list all spells.
Aiming: Sandblast (safe; 1% risk of failure)
Press: ? - help, Shift-Dir - straight line, f/p - ogre
Aim: an ogre, wielding a +0 giant club (almost dead, 8% to evade)
The blast of sand misses the ogre.
The ogre hits you with a +0 giant club!
You die...
OOO ##..o......).... .OO

##............... ...
#................ ...
##$#........$..#. ...
##[............# #..
###.............#
............
##...............
............ #..O.#....o.....
..........#.# ##@###.........
o..............#)###.......#.
..#.......#.#...)...........#
..O....#....##...............
To..O....... ##..............
oO..O#... #..........#.
.........# #.........#
.....#..## ##.#.......
....#.### ..........


You could see an ogre.

Vanquished Creatures
  Gastronok (D:11)
  Snorg (Lair:6)
  7 hydras
  Erica (Orc:1)
  3 ogre magi (Orc:2)
  6 two-headed ogres (Orc:2)
  2 orc high priests (Orc:2)
  A sun demon (Lair:6)
  3 bog bodies (Lair:2)
  A wizard (Lair:6)
  2 ugly things (D:11)
  An orc sorcerer (Orc:2)
  15 elephants
  A cyclops (D:11)
  6 black mambas
  2 gargoyles (Volcano)
  A smoke demon (Lair:6)
  7 cane toads
  3 torpor snails
  3 orange demons (Lair:6)
  7 rime drakes (Lair:6)
  An efreet (Volcano)
  7 komodo dragons
  An ice devil (Lair:6)
  2 polar bears (Lair:6)
  A red devil (Lair:6)
  A jumping spider (Lair:2)
  5 trolls
  Prince Ribbit (D:7)
  7 blink frogs
  A redback (Lair:2)
  A spriggan (D:11)
  A shadow (D:11)
  4 basilisks
  6 wyverns
  50 yaks
  Grum (D:9)
  2 fire elementals (Volcano)
  A warg (Orc:1)
  22 water moccasins
  4 hell hounds (Lair:6)
  9 orc warriors
  A black bear (D:9)
  A sky beast (D:7)
  4 centaurs
  10 ogres
  25 wolves
  4 phantoms
  4 kobold brigands
  12 bullfrogs
  An earth elemental (Volcano)
  A wyvern skeleton (D:7)
  4 scorpions
  7 killer bees (D:11)
  4 wights
  3 electric eels
  A howler monkey (D:5)
  3 bullfrog zombies
  14 orc priests
  8 hounds
  A jelly (D:5)
  A bullfrog skeleton (D:11)
  An iguana (D:4)
  7 orc wizards
  A hell rat (Lair:6)
  11 worker ants
  A hound zombie (D:6)
  2 worker ant zombies
  16 adders
  3 gnolls (D:5)
  3 shadow imps
  6 white imps
  An ufetubus (D:7)
  An ooze (D:1)
  An adder zombie (D:9)
  An adder skeleton (D:4)
  6 worms
  4 dart slugs
  7 leopard geckos
  42 orcs
  8 giant cockroaches
  6 goblins
  4 hobgoblins
  17 jackals
  5 quokkas
  7 ball pythons
  4 bats
  7 frilled lizards
  21 kobolds
  2 leopard gecko skeletons
  8 rats
  A spectral kobold (D:2)
515 creatures vanquished.

Vanquished Creatures (others)
  A bush (Lair:6)
  75 fungi
  80 plants
156 creatures vanquished.

Grand Total: 671 creatures vanquished

Notes
Turn   | Place    | Note
-------+----------+-------------------------------------------
     0 | D:1      | Johnny the Deep Elf Earth Elementalist began the quest for
                  | the Orb.
     0 | D:1      | Reached XP level 1. HP: 10/10 MP: 6/6
   353 | D:1      | Reached XP level 2. HP: 16/16 MP: 6/8
   536 | D:1      | Reached skill level 1 in Fighting
  1164 | D:2      | Reached XP level 3. HP: 19/20 MP: 3/10
  1338 | D:2      | Found a white marble altar of Elyvilon.
  1632 | D:2      | Found a sacrificial altar of Ru.
  1943 | D:2      | Reached XP level 4. HP: 10/26 MP: 5/11
  2577 | D:2      | Reached skill level 4 in Spellcasting
  2649 | D:2      | Found a hazy altar of Hepliaklqana.
  2964 | D:3      | Reached XP level 5. HP: 27/31 MP: 8/13
  3892 | D:4      | Reached XP level 6. HP: 22/37 MP: 10/15
  4012 | D:4      | Learned a level 3 spell: Stone Arrow
  4261 | D:4      | Reached skill level 5 in Spellcasting
  4374 | D:4      | Reached skill level 1 in Shields
  4848 | D:4      | Identified the +8 dagger of Xireme {drain, *Noise +Inv
                  | rPois}
  4912 | D:4      | Reached skill level 5 in Earth Magic
  5103 | D:4      | Reached XP level 7. HP: 38/43 MP: 17/17
  5374 | D:5      | Entered Level 5 of the Dungeon
  5729 | D:5      | Reached skill level 6 in Spellcasting
  6319 | D:5      | Found a staircase to the Ecumenical Temple.
  6405 | Temple   | Entered the Ecumenical Temple
  6616 | Temple   | Became a worshipper of Warmaster Okawaru
  6908 | D:6      | Reached XP level 8. HP: 31/48 MP: 17/19
  6909 | D:6      | Reached skill level 5 in Fighting
  7258 | D:6      | Found a glowing drain.
  7268 | Sewer    | Entered a sewer
  8243 | D:6      | HP: 1/50 [centaur/arrow (13)]
  8542 | D:6      | Reached skill level 7 in Spellcasting
  9364 | D:7      | Reached * piety under Okawaru
  9445 | D:7      | Learned a level 5 spell: Lee's Rapid Deconstruction
  9450 | D:7      | Learned a level 4 spell: Petrify
  9456 | D:7      | Learned a level 5 spell: Borgnjor's Vile Clutch
  9505 | D:7      | Found a snail-covered altar of Cheibriados.
  9616 | D:8      | Reached XP level 9. HP: 50/55 MP: 22/22
  9629 | D:8      | Found Mubieng's Armour Shoppe.
  9917 | D:7      | Noticed Prince Ribbit
  9923 | D:7      | Killed Prince Ribbit
  9924 | D:7      | Reached skill level 8 in Spellcasting
 10373 | D:7      | Identified the +0 ring mail "Yteot" {rPois Int+6}
 10598 | D:8      | Found a shimmering blue altar of Sif Muna.
 10973 | D:9      | Noticed Grum
 10980 | D:9      | Reached ** piety under Okawaru
 10981 | D:9      | Killed Grum
 11368 | D:9      | Noticed a queen bee
 11376 | D:9      | Noticed a cane toad
 11413 | D:9      | HP: 2/57 [poisoned by a cane toad]
 11421 | D:9      | HP: 2/57 [poisoned by a cane toad]
 11943 | D:9      | Found a staircase to the Lair.
 11947 | D:9      | Reached skill level 9 in Spellcasting
 11960 | D:10     | Entered Level 10 of the Dungeon
 12814 | D:11     | Noticed a green ugly thing
 12831 | D:11     | Killed a green ugly thing
 12831 | D:11     | Reached *** piety under Okawaru
 12832 | D:11     | Reached XP level 10. HP: 48/64 MP: 15/25
 12981 | D:11     | Noticed a five-headed hydra
 12988 | D:11     | Killed a five-headed hydra
 13054 | D:11     | Found a staircase to the Orcish Mines.
 13189 | D:11     | Reached **** piety under Okawaru
 13189 | D:11     | Noticed a cyclops
 13198 | D:11     | Killed a cyclops
 13470 | D:11     | Noticed a brown ugly thing
 13489 | D:11     | Killed a brown ugly thing
 13490 | D:11     | Reached skill level 10 in Spellcasting
 13588 | D:11     | Noticed Gastronok
 13623 | D:11     | Killed Gastronok
 13623 | D:11     | Reached ***** piety under Okawaru
 13623 | D:11     | Received a gift from Okawaru
 13623 | D:11     | Received a gift from Okawaru
 13624 | D:11     | Reached skill level 5 in Dodging
 13624 | D:11     | Reached XP level 11. HP: 51/71 MP: 5/27
 13999 | D:11     | Found Axtu's Distillery.
 14007 | D:11     | Bought a potion of flight for 45 gold pieces
 14007 | D:11     | Bought a potion of curing for 45 gold pieces
 14007 | D:11     | Bought a potion of curing for 45 gold pieces
 14157 | D:11     | Noticed a six-headed hydra
 14162 | D:11     | Killed a six-headed hydra
 14162 | D:11     | Identified the +6 demon blade of Intimidation {vamp, Will+}
                  | (Okawaru gifted it to you on level 11 of the Dungeon)
 14162 | D:11     | Received a gift from Okawaru
 14263 | D:11     | HP: 3/70 [something (8)]
 14608 | Lair:1   | Entered Level 1 of the Lair of Beasts
 15191 | Lair:1   | Reached skill level 11 in Spellcasting
 16110 | Lair:2   | Reached skill level 10 in Fighting
 16496 | Lair:2   | Reached ****** piety under Okawaru
 16837 | Lair:2   | Identified the +6 rapier of Buqe {protect, rElec rC++ Int-5
                  | Dex+3}
 16865 | Lair:2   | Noticed a bog body
 16869 | Lair:2   | Killed a bog body
 16869 | Lair:2   | Identified the +0 helmet of the Pink Corner {Harm Rampage
                  | rC++ Str-2} (Okawaru gifted it to you on level 2 of the
                  | Lair of Beasts)
 16869 | Lair:2   | Received a gift from Okawaru
 16870 | Lair:2   | Reached skill level 10 in Earth Magic
 17531 | Lair:2   | Found the +8 whip "Snakebite" {curare, rPois}
 17620 | Lair:2   | Noticed a bog body
 17620 | Lair:2   | Noticed a bog body
 17624 | Lair:2   | Killed a bog body
 17627 | Lair:2   | Killed a bog body
 17628 | Lair:2   | Reached XP level 12. HP: 52/78 MP: 13/29
 17919 | Lair:2   | Found a hole to the Spider Nest.
 18119 | Lair:2   | Found a staircase to the Swamp.
 18384 | Lair:3   | Reached skill level 12 in Spellcasting
 18871 | Lair:3   | Noticed a six-headed hydra
 18876 | Lair:3   | Killed a six-headed hydra
 18884 | Lair:3   | Noticed Rupert
 18939 | Lair:3   | Paralysed by Rupert for 4 turns
 19510 | Lair:4   | Found a dark tunnel.
 19515 | Volcano  | Entered a volcano
 20282 | Lair:4   | Identified the +8 hand crossbow of Red Wine {elec, +Blink
                  | SInv} (Okawaru gifted it to you on level 4 of the Lair of
                  | Beasts)
 20282 | Lair:4   | Received a gift from Okawaru
 20368 | Lair:5   | Noticed an eight-headed hydra
 20374 | Lair:5   | Killed an eight-headed hydra
 21234 | Lair:5   | Received a gift from Okawaru
 21235 | Lair:5   | Reached skill level 13 in Spellcasting
 21519 | Lair:5   | Reached XP level 13. HP: 73/85 MP: 9/32
 21698 | Lair:5   | Found a staircase to the Slime Pits.
 22289 | Lair:6   | Entered Level 6 of the Lair of Beasts
 22408 | Lair:6   | Noticed Snorg
 22420 | Lair:6   | Killed Snorg
 22430 | Lair:6   | Reached skill level 10 in Dodging
 23353 | Lair:6   | Identified the +2 pair of boots "Ciosuel" {rC+ Int+2}
                  | (Okawaru gifted it to you on level 6 of the Lair of Beasts)
 23353 | Lair:6   | Received a gift from Okawaru
 24107 | Lair:6   | Reached skill level 14 in Spellcasting
 25165 | Lair:6   | Received a gift from Okawaru
 25297 | Lair:6   | Found a burning altar of Makhleb.
 25308 | Lair:6   | Found a gateway to Hell.
 25313 | Lair:6   | Identified the +5 lajatang of Broken Luck {vorpal, rElec
                  | Will+}
 25364 | Lair:6   | Reached XP level 14. HP: 92/92 MP: 22/34
 26307 | Lair:3   | Received a gift from Okawaru
 26949 | Lair:3   | Identified the +5 hunting sling of Big Damage {venom, Dex+6
                  | Stlth+}
 27131 | Orc:1    | Entered Level 1 of the Orcish Mines
 27308 | Orc:1    | Noticed Erica
 27315 | Orc:1    | Killed Erica
 27790 | Orc:2    | Entered Level 2 of the Orcish Mines
 28028 | Orc:2    | Found Syru's Magic Scroll Shop.
 28079 | Orc:2    | Bought a scroll of teleportation for 36 gold pieces
 28079 | Orc:2    | Bought a scroll of identify for 24 gold pieces
 28079 | Orc:2    | Bought a scroll of teleportation for 36 gold pieces
 28092 | Orc:2    | Found Viggailye's Assorted Antiques.
 28102 | Orc:2    | Found Uwomne Erian's Assorted Antiques.
 28109 | Orc:2    | Bought a scroll of magic mapping for 98 gold pieces
 28122 | Orc:2    | HP: 4/94 [orc priest/divine providence (16)]
 28126 | Orc:2    | Found Pooxyr's Weapon Shoppe.
 28126 | Orc:2    | Found Kohamivap's Weapon Boutique.
 28126 | Orc:2    | Found Unipits's General Store.
 28126 | Orc:2    | Found Uliotuiq's Weapon Emporium.
 28619 | Orc:2    | Noticed an orc warlord
 28671 | Orc:2    | Slain by an ogre

Illustrated notes

Levels and vault maps discovered:
D:1:      evilmike_arrival_crescent, layout_loops_cross
D:2:      layout_rooms, nicolae_hepliaklqana_monster_ancestors,
          nicolae_ru_awakened_eye, elyvilon_altar_3
D:3:      layout_rooms
D:4:      layout_basic
D:5:      layout_gridville, temple_doors_e
D:6:      cheibrodos_thug_alley, layout_cave_pools, portal_sewer_entry_f
D:7:      minmay_recursive_quarters, layout_rooms, cheibriados_altar_1,
          uniq_prince_ribbit1
D:8:      layout_basic, led_sif_pool, serial_shops, shop_fountains
D:9:      layout_cross, grunt_lair_entry_orc_guard_hut, kennysheep_cross_room,
          hive_lemuel, uniq_grum
D:10:     layout_loops_ring, kennysheep_decorative_pillar
D:11:     layout_irregular_city, minmay_orc_entry_temple_small, serial_shops,
          nicolae_shop_window_shopping, the_bakery, uniq_gastronok
Temple:   hc_temple_tempest_star
Lair:1:   layout_chaotic_city, dpeg_stationary_puzzle
Lair:2:   minmay_guarded_unrand_snakebite, layout_regular_city,
          nicolae_swamp_entry_splash_gauntlet, spider_nest_entry_funnel_web
Lair:3:   layout_regular_city, uniq_rupert
Lair:4:   layout_regular_city, enter_volcano_4
Lair:5:   layout_regular_city, slime_dummy
Lair:6:   evil_forest, layout_regular_city, chequers_serial_rivers_micro_b,
          uniq_snorg
Orc:1:    layout_diamond_mine, basic_altar, uniq_erica
Orc:2:    st_orc_ogre_mass, layout_caves, serial_shops, shop, shop,
          nicolae_shop_competitors_out_of_business, shop_statue, shop, rock_pile

Skill      XL: |  1  2  3  4  5  6  7  8  9 10 11 12 13 14 |
---------------+-------------------------------------------+-----
Fighting       | 1 2 3 4 6 7 9 10 11 12 13 | 13.5
Spellcasting   | 4 5 6 7 9 10 11 13 14 | 14.8
Earth Magic    | 4 5 6 8 9 10 11 12 | 12.9
Shields        | 1 2 3 4 |  4.7
Dodging        | 5 7 9 11 | 11.8
Stealth        | |  2.4
Transmutations | |  1.1

Action                   |  1- 3 |  4- 6 |  7- 9 | 10-12 | 13-15 || total
-------------------------+-------+-------+-------+-------+-------++-------
Melee: Unarmed           |     7 |       |       |       |       ||     7
       Spear             |    34 |    41 |       |       |       ||    75
       Dagger            |       |     5 |   278 |    67 |       ||   350
       Whip              |       |       |       |    51 |   112 ||   163
 Cast: Sandblast         |    40 |    85 |    75 |   158 |   133 ||   491
       Stone Arrow       |       |       |    61 |   110 |    93 ||   264
       Lee's Rapid Decon |       |       |       |    21 |    34 ||    55
       Petrify           |       |       |       |     2 |     8 ||    10
Invok: Heroism           |       |       |       |     2 |       ||     2
Evoke: Wand              |       |       |    23 |    15 |     5 ||    43
  Use: Potion            |       |     4 |     6 |     7 |     6 ||    23
       Scroll            |       |       |    12 |    15 |    11 ||    38
 Stab: Sleeping          |     3 |     1 |     5 |     1 |       ||    10
       Paralysed         |       |       |     3 |       |       ||     3
       Petrified         |       |       |       |     4 |     2 ||     6
Armor: Robe              |     3 |    18 |    44 |       |       ||    65
       Skin              |       |     3 |       |     2 |       ||     5
       Ring mail         |       |       |    20 |    92 |    98 ||   210
Dodge: Dodged            |    24 |    51 |   203 |   102 |   120 ||   500
Block: Buckler           |       |       |   120 |    57 |    74 ||   251
       Reflection        |       |       |     3 |       |     2 ||     5

Table legend: (Time is in decaauts)
 A = Elapsed time spent in this place.
 B = Non-inter-level travel time spent in this place.
 C = Inter-level travel time spent in this place.
 D = Time resting spent in this place.
 E = Time spent auto-exploring this place.
 F = Levels seen in this place.
 G = Mean time per level.
                   A        B        C        D        E       F      G
               +--------+--------+--------+--------+--------+-----+--------+
         Total |  28896 |  28037 |    859 |   8614 |  15801 |  22 | 1313.5 |
       Dungeon |  13847 |  13433 |    414 |   3287 |   8417 |  11 | 1258.8 |
        Temple |    223 |    188 |     35 |      0 |    186 |   1 |  223.0 |
          Lair |  12283 |  11878 |    405 |   4440 |   6074 |   6 | 2047.2 |
  Orcish Mines |   1543 |   1539 |      4 |    817 |    420 |   2 |  771.5 |
         Sewer |    836 |    836 |      0 |      0 |    647 |   1 |  836.0 |
       Volcano |    161 |    161 |      0 |     70 |     56 |   1 |  161.0 |
               +--------+--------+--------+--------+--------+-----+--------+

Top non-repeatable levels by time:
  Lair:6: 3680 daAuts
  Lair:2: 2464 daAuts
  Lair:3: 2050 daAuts
  Lair:5: 1989 daAuts
    D:11: 1794 daAuts
     D:4: 1692 daAuts
     D:6: 1611 daAuts
     D:2: 1597 daAuts
  Lair:1: 1326 daAuts
     D:7: 1277 daAuts
     D:1: 1154 daAuts
     D:5: 1123 daAuts
     D:9: 1091 daAuts
     D:3: 938 daAuts
   Orc:1: 905 daAuts
